 Dungeon Crawl Stone Soup version 0.31.0-32-g396128a36d (webtiles) character file.

Game seed: 3171278156343713717

42709 pewpewzerker the Bludgeoner (level 13, -3/112 HPs)
             Began as a Minotaur Fighter on Apr 4, 2024.
             Was a High Priest of Hepliaklqana.
             Slain by a +2 glaive of chaos (16 damage)
             ... on level 3 of the Lair of Beasts.
             The game lasted 01:21:24 (14282 turns).

pewpewzerker the Bludgeoner (Minotaur Fighter)     Turns: 14282, Time: 01:21:24

Health: -3/112     AC: 20    Str: 34    XL:     13   Next: 86%
Magic:  0/21       EV: 12    Int:  5    God:    Hepliaklqana [*****.]
Gold:   753        SH:  6    Dex: 10    Spells: 12/12 levels left

rFire   + + .        f - +5 morningstar (protect)
rCold   + + .        j - +0 buckler of Least Resistance {Str+2}
rNeg    . . .        a - +4 chain mail {ponderous}
rPois   +            (helmet restricted)
rElec   +            l - scarf {rC+ rF+}
rCorr   +            (no gloves)
SInv    .            o - +2 pair of boots
Will    .....        e - amulet of guardian spirit Stlth
                     g - ring of magical power
HPRegen 0.38/turn    M - +6 ring of strength
MPRegen 0.17/turn

%: guardian spirit
@: mighty, resistant (expiring), hasted (expiring), very quick
A: reduced essence, horns 2, retaliatory headbutt
a: Renounce Religion, Recall Ancestor, Ancestor Identity, Transference, Idealise


You were on level 3 of the Lair of Beasts.
You worshipped Hepliaklqana.
Hepliaklqana was extremely pleased with you.
You visited 2 branches of the dungeon, and saw 13 of its levels.

You collected 879 gold pieces.
You spent 126 gold pieces at shops.

Inventory:

Hand Weapons
 f - a +5 morningstar of protection (weapon)
 w - the +4 flail of Fee Simple {freeze, Str+3 Stlth+}
   (You found it on level 6 of the Dungeon)

   Str+3:     It affects your strength (+3).
   Stlth+:    It makes you more stealthy.
 C - a +1 heavy hand axe
 F - a +2 flail of holy wrath
Armour
 a - a +4 chain mail of ponderousness (worn)
 j - the +0 buckler of Least Resistance (worn) {Str+2}
   (You found it on level 4 of the Dungeon)

   Str+2:     It affects your strength (+2).
 l - a scarf of resistance (worn)
 o - a +2 pair of boots (worn)
 u - a +2 robe of fire resistance
 O - a +1 robe of cold resistance
Jewellery
 e - an amulet of guardian spirit (around neck)
 g - a ring of magical power (left hand)
 h - a ring of magical power
 y - a ring of positive energy
 z - a ring of fire
 A - a ring of positive energy
 I - a ring of positive energy
 M - a +6 ring of strength (right hand)
 N - a ring of ice
Wands
 c - a wand of charming (9)
 t - a wand of roots (20)
 E - a wand of light (12)
Scrolls
 k - 2 scrolls of revelation {unknown}
 n - a scroll of immolation
 q - a scroll of vulnerability
 r - a scroll of amnesia {unknown}
 B - a scroll of teleportation
 K - a scroll of silence
 L - 2 scrolls of fog
Potions
 b - a potion of haste
 d - a potion of degeneration
 i - 3 potions of invisibility
 m - a potion of mutation
 p - a potion of heal wounds
 s - a potion of attraction
 v - 2 potions of enlightenment
 H - a potion of magic
 J - 3 potions of brilliance {unknown}
Miscellaneous
 G - a lightning rod (4/4)


   Skills:
 + Level 14.4 Fighting
 - Level 0.9 Short Blades
 - Level 8.7(12.9) Axes
 - Level 15.1(16.0) Maces & Flails
 + Level 12.3 Armour
 + Level 8.6 Dodging
 + Level 10.8 Shields
 - Level 4.0 Evocations


You had 12 spell levels left.
You didn't know any spells.
Your spell library contained the following spells:

 Spells                   Type           Power      Damage    Failure   Level
 Kiss of Death            Conj/Necr      0%         2d5       83%         1
 Sandblast                Erth           0%         2d4       83%         1
 Ensorcelled Hibernation  Hex/Ice        0%         N/A       93%         2
 Confusing Touch          Hex            0%         N/A       99%         3
 Passwall                 Erth           0%         N/A       99%         3
 Stone Arrow              Conj/Erth      0%         3d7       99%         3
 Summon Ice Beast         Ice/Summ       0%         N/A       99%         3
 Swiftness                Air            0%         N/A       99%         3
 Tukima's Dance           Hex            0%         N/A       99%         3
 Volatile Blastmotes      Fire/Tloc      0%         2d10      99%         3
 Brom's Barrelling Bould  Conj/Erth      0%         2d3       100%        4
 Dispel Undead            Necr           0%         3d6       100%        4
 Fulminant Prism          Conj/Alch      0%         3d5       100%        4
 Iskenderun's Mystic Bla  Conj/Tloc      0%         2d3       100%        4
 Passage of Golubria      Tloc           0%         N/A       100%        4
 Summon Mana Viper        Hex/Summ       0%         N/A       100%        5
 Yara's Violent Unravell  Hex/Alch       0%         3d3       100%        5
 Monstrous Menagerie      Summ           0%         N/A       100%        7


Dungeon Overview and Level Annotations

Branches:
Dungeon (10/15)            Temple (0/1) D:4            Lair (3/5) D:9
    Orc (0/2) D:9
  Swamp: Lair:2-3    Shoals: Lair:2-3     Snake: Lair:2-3    Spider: Lair:2-3

Altars:
Elyvilon
Hepliaklqana
Kikubaaqudgha
Okawaru
Xom
Yredelemnul

Shops:
D:2 *   D:4 (=*:


Innate Abilities, Weirdness & Mutations

Your life essence is reduced to manifest your ancestor. (-10% HP)
You have a pair of horns on your head.
You reflexively headbutt those who attack you in melee.


Message History

You block the +2 glaive of chaos's attack.
Chonk hits the +2 glaive of chaos with a +0 flail!
You feel sick.
The +2 glaive of chaos hits you from afar!!
* * * LOW HITPOINT WARNING * * *
Okay, then.
You feel better.
Chonk blocks the +2 glaive of chaos's attack.
Chonk barely misses the +2 glaive of chaos.
Chonk blocks the +2 glaive of chaos's attack.
The +2 glaive of chaos hits Chonk!!
The +2 glaive of chaos freezes Chonk.
Chonk hits the +2 glaive of chaos with a +0 flail!
The +2 glaive of chaos hits Chonk!!
Chonk is destroyed!
A dream sheep comes into view.
There is an open translucent door here.
There is a shimmering altar of Xom here.
You see here a scroll of immolation.
n - a scroll of immolation The dream sheep ruffles its wool and motes of dream dust sparkle, to no effect.
There is an open translucent door here.
A dream sheep comes into view.
The dream sheep bleats!
The dream sheep shake their wool and sparkle.
You feel drowsy...
You fall asleep.
A dream sheep comes into view.
The dream sheep bleats!
The dream sheep headbutts you!
You wake up.
* * * LOW HITPOINT WARNING * * *
You impale the dream sheep!!
Your weapon exudes an aura of protection.
You kill the dream sheep!
You hear a bleat!
A dream sheep comes into view.
The dream sheep bleats!
You see here a +0 club.
Your extra speed is starting to run out.
You start to feel less resistant.
The +2 glaive of chaos hits you from afar!!
You die...

### #.## ##
###..#######
#..#.....@.#..#
##.#.###......#
#....#....(#.##
....+...##...#..##
.. ####..#......#
##.#..#..Y####
#._'....#...P#
##$#....Y##.##
###.........#


You could see a dream sheep and a +2 glaive of chaos.

Vanquished Creatures
  The ghost of jombi the Basher, a journeyman DsHW of Sif Muna (Lair:3)
  Harold (D:10)
  Fannar (Lair:3)
  4 hydras (Lair:2)
  2 two-headed ogres
  4 death yaks
  Nergalle (Lair:2)
  Sonja (Lair:2)
  A skyshark (Lair:3)
  2 arcanists (D:10)
  2 spriggan druids (Lair:3)
  7 ugly things (D:10)
  6 elephants (Lair:2)
  4 black mambas (Lair:2)
  2 torpor snails (Lair:2)
  2 unseen horror zombies (D:8)
  8 cane toads
  A kobold demonologist (D:10)
  12 komodo dragons
  2 rime drakes
  Psyche (D:8)
  2 polar bears
  2 hornets
  9 blink frogs
  3 dream sheep (Lair:3)
  3 wyverns
  28 yaks
  A steam dragon (D:7)
  3 basilisks
  A warg (D:9)
  An acid dragon (D:9)
  16 water moccasins
  2 sky beasts
  3 orc warriors
  An ice beast (D:5)
  2 black bears
  2 centaurs
  2 ogres (D:4)
  14 wolves
  2 phantoms
  2 kobold brigands (D:9)
  8 bullfrogs
  A gnoll sergeant (D:8)
  A scorpion (Lair:1)
  2 wyvern zombies (D:8)
  4 wights (D:8)
  13 killer bees
  A jelly (D:7)
  An electric eel (Lair:2)
  2 bombardier beetles
  2 centaur zombies (D:8)
  5 hounds
  A gnoll bouda (D:6)
  5 orc priests
  7 iguanas
  5 orc wizards
  11 gnolls
  4 adders
  A shadow imp (D:5)
  4 white imps
  2 ufetubi (D:6)
  2 dart slugs
  20 orcs
  11 endoplasms
  3 giant cockroaches
  4 hobgoblins
  14 kobolds
  5 quokkas
  5 ball pythons
  4 bats
  4 frilled lizards
  4 goblins
  6 rats
326 creatures vanquished.

Vanquished Creatures (collateral kills)
  A two-headed ogre (D:9)
  Maurice (D:7)
  A komodo dragon (Lair:2)
  A polar bear (Lair:2)
  A blink frog (Lair:2)
  2 yaks (Lair:3)
  2 water moccasins
  A black bear (D:6)
  2 wolves (Lair:2)
  Pargi (D:4)
  A phantom (D:6)
  A bullfrog (Lair:3)
  A scorpion (D:7)
  3 killer bees (D:7)
  An orc priest (D:9)
  A hound (D:5)
  2 orc wizards (D:7)
  A gnoll (D:8)
  A white imp (D:7)
  2 orcs
  A hobgoblin (D:4)
  5 kobolds
33 creatures vanquished.

Vanquished Creatures (others)
  11 knights
  4 ancestors
15 creatures vanquished.

Grand Total: 374 creatures vanquished

Notes
Turn   | Place    | Note
-------+----------+-------------------------------------------
     0 | D:1      | pewpewzerker the Minotaur Fighter began the quest for the
                  | Orb.
     0 | D:1      | Reached XP level 1. HP: 19/19 MP: 0/0
    70 | D:1      | Reached XP level 2. HP: 16/27 MP: 1/1
   138 | D:1      | Found a faded altar of an unknown god.
   803 | D:2      | Reached XP level 3. HP: 13/34 MP: 2/2
  1054 | D:2      | Reached XP level 4. HP: 41/41 MP: 3/3
  1186 | D:2      | Found Adwirr's Assorted Antiques.
  2211 | D:3      | Found a white marble altar of Elyvilon.
  2216 | D:3      | Found an iron altar of Okawaru.
  2217 | D:3      | Found a hazy altar of Hepliaklqana.
  2221 | D:3      | Became a worshipper of Hepliaklqana the Forgotten
  2225 | D:3      | Found a basalt altar of Yredelemnul.
  2675 | D:4      | Noticed an ogre
  2681 | D:4      | Killed an ogre
  2682 | D:4      | Reached skill level 5 in Axes
  2682 | D:4      | Reached XP level 5. HP: 47/47 MP: 4/4
  2682 | D:4      | Found a staircase to the Ecumenical Temple.
  2771 | D:4      | Found Miaxkiek's Book Emporium.
  2872 | D:4      | Reached * piety under Hepliaklqana
  2886 | D:4      | Noticed a phantom
  2901 | D:4      | Killed a phantom
  2902 | D:4      | Reached XP level 6. HP: 45/49 MP: 5/5
  2937 | D:4      | Identified the +0 buckler of Least Resistance {Str+2}
  3174 | D:4      | Noticed Pargi
  3181 | D:4      | Killed Pargi
  3182 | D:4      | Reached skill level 5 in Fighting
  3337 | D:4      | Found Zimumper's Assorted Antiques.
  3345 | D:4      | Found Gourefu's Jewellery Emporium.
  3345 | D:4      | Found Saottij's Weapon Shop.
  3650 | D:4      | Bought a scroll of identify for 42 gold pieces
  3650 | D:4      | Bought a potion of might for 84 gold pieces
  3760 | D:5      | Entered Level 5 of the Dungeon
  3770 | D:5      | Reached XP level 7. HP: 53/54 MP: 6/6
  3874 | D:5      | Reached skill level 5 in Armour
  3874 | D:5      | Reached skill level 1 in Dodging
  4078 | D:5      | Reached XP level 8. HP: 30/63 MP: 7/7
  4254 | D:5      | Reached skill level 5 in Shields
  4554 | D:5      | Reached ** piety under Hepliaklqana
  4555 | D:5      | Remembered your ancestor Chonk as a knight
  5104 | D:6      | Identified the +4 flail of Fee Simple {freeze, Str+3
                  | Stlth+}
  5411 | D:6      | Reached skill level 1 in Maces & Flails
  5457 | D:6      | Reached skill level 2 in Maces & Flails
  5566 | D:7      | Reached XP level 9. HP: 65/71 MP: 8/8
  5591 | D:7      | Noticed Maurice
  5687 | D:7      | Something stole a ring of positive energy
  5697 | D:7      | Killed Maurice
  5698 | D:7      | Reached skill level 4 in Maces & Flails
  5825 | D:7      | Reached skill level 5 in Maces & Flails
  6168 | D:7      | Reached skill level 6 in Maces & Flails
  6564 | D:8      | Reached skill level 10 in Fighting
  6569 | D:8      | Reached skill level 7 in Maces & Flails
  6577 | D:8      | Reached XP level 10. HP: 82/83 MP: 9/9
  6602 | D:8      | Reached skill level 8 in Maces & Flails
  6783 | D:8      | Reached *** piety under Hepliaklqana
  6956 | D:8      | Reached skill level 9 in Maces & Flails
  7330 | D:8      | You fall into a shaft and drop 2 floors!
  7330 | D:10     | Entered Level 10 of the Dungeon
  7334 | D:9      | Noticed a two-headed ogre
  7341 | D:9      | Killed a two-headed ogre
  7342 | D:9      | Reached skill level 10 in Maces & Flails
  7463 | D:9      | Noticed a two-headed ogre
  7479 | D:9      | Killed a two-headed ogre
  7480 | D:9      | Reached skill level 11 in Maces & Flails
  7855 | D:8      | Noticed Psyche
  7867 | D:8      | Killed Psyche
  8407 | D:9      | Found a staircase to the Orcish Mines.
  8556 | D:9      | Found a staircase to the Lair.
  8620 | D:9      | Reached skill level 12 in Maces & Flails
  8620 | D:9      | Reached XP level 11. HP: 90/90 MP: 10/10
  8828 | D:9      | Found an ancient bone altar of Kikubaaqudgha.
  9115 | D:10     | Noticed Harold
  9123 | D:10     | Killed Harold
  9219 | D:10     | Noticed a two-headed ogre
  9229 | D:10     | Reached **** piety under Hepliaklqana
  9232 | D:10     | Killed a two-headed ogre
  9425 | D:10     | Noticed a cyan ugly thing
  9425 | D:10     | Noticed a purple ugly thing
  9425 | D:10     | Noticed a purple ugly thing
  9426 | D:10     | Noticed a brown ugly thing
  9432 | D:10     | Noticed a green ugly thing
  9433 | D:10     | Noticed a red ugly thing
  9442 | D:10     | Killed a red ugly thing
  9449 | D:10     | Killed a purple ugly thing
  9456 | D:10     | Killed a green ugly thing
 10022 | D:10     | Killed a brown ugly thing
 10024 | D:10     | Killed a brown ugly thing
 10024 | D:10     | Killed a white ugly thing
 10302 | D:10     | Noticed an arcanist
 10302 | D:10     | Noticed a white ugly thing
 10306 | D:10     | Killed an arcanist
 10316 | D:10     | Killed a white ugly thing
 10317 | D:10     | Reached skill level 10 in Armour
 10469 | D:10     | Noticed an arcanist
 10476 | D:10     | Killed an arcanist
 10477 | D:10     | Reached XP level 12. HP: 91/101 MP: 11/11
 10624 | Lair:1   | Entered Level 1 of the Lair of Beasts
 10624 | Lair:1   | Noticed a death yak
 10624 | Lair:1   | Noticed a death yak
 10624 | Lair:1   | Noticed a death yak
 10627 | Lair:1   | Reached skill level 13 in Maces & Flails
 10647 | D:9      | Killed a death yak
 10953 | Lair:1   | Killed a death yak
 10954 | Lair:1   | Reached skill level 5 in Dodging
 10961 | Lair:1   | Killed a death yak
 11569 | Lair:2   | Reached skill level 14 in Maces & Flails
 11632 | Lair:2   | Reached skill level 1 in Evocations
 12149 | Lair:2   | Reached ***** piety under Hepliaklqana
 12326 | Lair:2   | Noticed Nergalle
 12335 | Lair:2   | Killed Nergalle
 12442 | Lair:2   | Noticed an eight-headed hydra
 12447 | Lair:2   | Killed an eight-headed hydra
 12530 | Lair:2   | Reached XP level 13. HP: 107/107 MP: 12/12
 12563 | Lair:2   | Reached skill level 15 in Maces & Flails
 12981 | Lair:2   | Reached skill level 10 in Shields
 13032 | Lair:2   | Identified the +6 quarterstaff "Icoi" {drain, rElec rC++
                  | SInv Stlth-}
 13166 | Lair:2   | Noticed Sonja
 13188 | Lair:2   | Killed Sonja
 13786 | Lair:3   | Noticed Fannar
 13799 | Lair:3   | Killed Fannar
 14224 | Lair:3   | Found a runed translucent door.
 14224 | Lair:3   | Found a shimmering altar of Xom.
 14224 | Lair:3   | Noticed jombi's ghost (journeyman DsHW)
 14241 | Lair:3   | Killed jombi's ghost
 14282 | Lair:3   | Slain by a +2 glaive of chaos

Illustrated notes

Levels and vault maps discovered:
D:1:      lightli_arrival_noodles, layout_basic, basic_ecumenical_altar,
          minmay_pentomino_p4
D:2:      layout_basic, serial_shops, shop
D:3:      layout_loops_corners, minitemple, hex_large
D:4:      layout_loops_ring, minmay_temple_entry_mini_moons, serial_shops, shop,
          serial_bayou_pond_e, nicolae_wooded_promenade, st_stairs_11,
          minmay_unequal, uniq_pargi
D:5:      layout_loops_ring
D:6:      layout_rooms
D:7:      layout_basic, uniq_maurice
D:8:      layout_basic, serial_undead, serial_undead_f, serial_undead_c,
          serial_undead_e, serial_undead_c, uniq_psyche
D:9:      layout_loops_corners, kennysheep_mini, david_lair_shrubbed,
          minmay_orc_entry_guard_dogs
D:10:     cheibrodos_breeding_chamber, layout_irregular_city, uniq_harold
Lair:1:   layout_cave_shapes
Lair:2:   nzn_winding_woodlands_huge [nzn_winding_woodlands_5x15_longhouse,
          nzn_winding_woodlands_5x15_pathside_ponds,
          nzn_winding_woodlands_5x15_zeroes, nzn_winding_woodlands_5x15_parted,
          nzn_winding_woodlands_5x15_pool, nzn_winding_woodlands_5x15_twine,
          nzn_winding_woodlands_5x15_concentric,
          nzn_winding_woodlands_5x15_lazy_stream,
          nzn_winding_woodlands_5x15_crooked, nzn_winding_woodlands_5x15_jagged,
          nzn_winding_woodlands_center_diamonds,
          nzn_winding_woodlands_center_pierced_h,
          nzn_winding_woodlands_15x15_boxy_spiral], layout_hall_layers,
          beast_lair_carwin_11, uniq_sonja, uniq_nergalle
Lair:3:   layout_roguey, mainiacjoe_swamp_entry_angry_trees,
          nicolae_snake_entry_warm_welcome, ebering_ghost_xom,
          infiniplex_staircase_pool, serial_bayou_shore_b, lemuel_fruit_fields,
          uniq_fannar

Skill      XL: |  1  2  3  4  5  6  7  8  9 10 11 12 13 |
---------------+----------------------------------------+-----
Fighting       | 4 5 6 7 10 12 14 | 14.4
Axes           | 3 5 7 8 |  8.7
Armour         | 4 5 6 7 10 12 | 12.3
Shields        | 4 6 8 10 | 10.8
Dodging        | 2 4 7 8 |  8.6
Maces & Flails | 2 7 12 14 15 | 15.1
Evocations     | 3 4 |  4.0
Short Blades   | |  0.9

Action                     |  1- 3 |  4- 6 |  7- 9 | 10-12 | 13-15 || total
---------------------------+-------+-------+-------+-------+-------++-------
  Melee: War axe           |    54 |     9 |    54 |       |       ||   117
         Headbutt          |     5 |    22 |    43 |    73 |    49 ||   192
         Dagger            |       |   111 |   117 |       |       ||   228
         Flail             |       |       |    85 |   209 |       ||   294
         Punch             |       |       |     2 |       |       ||     2
         Morningstar       |       |       |       |   180 |   211 ||   391
 Invoke: Ancestor Identity |       |     1 |       |       |       ||     1
         Ancestor Life: Kn |       |       |     1 |       |       ||     1
         Recall Ancestor   |       |       |       |     1 |       ||     1
         Idealise          |       |       |       |       |     1 ||     1
    Use: Scroll            |     2 |     7 |     8 |    13 |     3 ||    33
         Potion            |       |     2 |       |     8 |     2 ||    12
   Stab: Distracted        |       |       |       |     1 |     1 ||     2
 Armour: Scale mail        |    34 |    18 |       |       |       ||    52
         Chain mail        |       |    44 |       |   335 |   134 ||   513
         Plate armour      |       |     6 |   269 |    18 |       ||   293
         Skin              |       |       |       |    21 |       ||    21
  Dodge: Dodged            |    34 |    26 |    95 |   169 |    65 ||   389
  Block: Buckler           |    14 |    13 |    20 |    89 |    44 ||   180
